 Dungeon Crawl Stone Soup version 0.15.1-3-g1b33baa (webtiles) character file.

802 Johnny the Chiller (level 7, -6/57 HPs)
             Began as a Demigod Ice Elementalist on Oct 11, 2014.
             Mangled by a chaos spawn (10 damage)
             ... summoned by miscasting Summon Ice Beast
             ... in an ossuary.
             The game lasted 00:10:47 (3840 turns).

Johnny the Chiller (Demigod Ice Elementalist)       Turns: 3840, Time: 00:10:47

HP  -6/57        AC  7     Str 13      XL: 7   Next: 33%
MP   8/19        EV  9     Int 22      God:
Gold 159         SH  0     Dex 15 (17) Spells:  2 memorised,  8 levels left

rFire  + . .     SeeInvis .     m - +3 short sword "Leviticus" {distort, +Fly rPois Dex+1 Stlth-}
rCold  . . .     Clarity  .     x - +0 ring mail (curse)
rNeg   . . .     rCorr    .     (no shield)
rPois  +         rRot     .     (no helmet)
rElec  .         Spirit   .     (no cloak)
SustAb .         Warding  .     h - +0 pair of gloves
rMut   .         Stasis   .     (no boots)
Gourm  .                        (no amulet)
MR     .....                    t - +1 ring of protection
                                e - ring of protection from fire

@: very slightly contaminated, not resistant to hostile enchantments, very
unstealthy
A: no striking features
a: Evoke Flight


You were in an ossuary.
You were near starving.

You visited 1 branch of the dungeon, and saw 5 of its levels.
You also visited: Ossuary.

You collected 159 gold pieces.

Inventory:

Hand weapons
 i - a +0 dagger of electrocution
 m - the +3 short sword "Leviticus" (weapon) {distort, +Fly rPois Dex+1 Stlth-}
   (You found it on level 4 of the Dungeon)

   It warps and distorts space around it.
   Unwielding it can cause banishment or high damage.
   It affects your dexterity (+1).
   It protects you from poison.
   It lets you fly.
   It makes you less stealthy.
Armour
 h - a +0 pair of gloves (worn)
 x - a cursed +0 ring mail (worn)
Magical devices
 d - a wand of fire (6)
 q - a wand of draining (2)
Comestibles
 c - 3 bread rations
 j - a rotting chunk of human flesh
 n - a rotting chunk of orc flesh
 r - a meat ration
Scrolls
 f - a scroll of enchant weapon
 g - a scroll of magic mapping
 k - 4 scrolls of remove curse
 p - a scroll of amnesia
 w - a scroll of fear
Jewellery
 e - a ring of protection from fire (left hand)
 t - a +1 ring of protection (right hand)
Potions
 o - a potion of cancellation
Books
 b - a book of Frost

   Spells                             Type                      Level
   *Freeze                            Ice                          1
   Throw Frost                        Conjuration/Ice              2
   Ozocubu's Armour                   Charms/Ice                   3
   Throw Icicle                       Conjuration/Ice              4
   *Summon Ice Beast                  Ice/Summoning                4
   Condensation Shield                Ice                          4


   Skills:
 * Level 3.2 Fighting
 + Level 1.7 Armour
 + Level 2.8 Dodging
 + Level 3.6 Stealth
 * Level 3.6 Spellcasting
   Level 0.8 Conjurations
 * Level 0.0 Summonings
 * Level 4.2 Ice Magic
 + Level 2.2 Evocations


You had 8 spell levels left.
You knew the following spells:

 Your Spells              Type           Power        Failure   Level  Hunger
a - Freeze                Ice            ###.         2%          1    None
b - Summon Ice Beast      Ice/Summ       ##......     69%         4    ####...


Dungeon Overview and Level Annotations

Branches:
Dungeon (5/15)             Temple (0/1) D:4


Message History

The goblin zombie hits you.
* * * LOW HITPOINT WARNING * * *
The goblin zombie misses you.
Casting: Summon Ice Beast
Confirm with . or Enter, or press ? or * to list all spells.
You miscast Summon Ice Beast.
Something forms from out of thin air!
Unknown command.
The chaos spawn barely misses you.
Unknown command.
The chaos spawn hits you!
* * * LOW HITPOINT WARNING * * *
You suddenly lose the ability to move!
The goblin zombie barely misses you.
The chaos spawn gores you but does no damage.
The chaos spawn gores you.
* * * LOW HITPOINT WARNING * * *
You can move again.
There is a gate leading back out of here here.
The chaos spawn hits you!
You die...

######################
#.......ZZ@∩.........#
#........3...........#
#...##############...#
#...# #...# #...#
#...# #..Z# ... #...#
#..4# #.∩... #4..#
#...# #...... #...#
#...# #..... #Z..#


You could see a chaos spawn, a goblin zombie and a kobold zombie.

Vanquished Creatures
  Pikel (D:5)
  2 slaves (D:5)
  The ghost of MBison the Bolt Thrower, an average TeHu (D:3)
  A worker ant (D:4)
  Ijyb (D:3)
  A mummy (Ossuary)
  A gnoll (D:1)
  A giant mite (D:4)
  A worm zombie (D:5)
  6 adders
  2 worms (D:3)
  2 giant geckos
  5 oozes
  2 orcs
  A ball python (D:2)
  6 bats
  A bat skeleton (D:4)
  4 giant cockroaches
  9 goblins
  4 hobgoblins
  7 jackals
  A ball python skeleton (D:4)
  3 giant newts (D:1)
  2 goblin zombies
  5 hobgoblin zombies (Ossuary)
  2 jackal zombies (Ossuary)
  9 kobolds
  9 kobold zombies (Ossuary)
  5 orc zombies (Ossuary)
  11 rats
106 creatures vanquished.

Vanquished Creatures (others)
  An eldritch tentacle (Ossuary)
  A jackal (D:4)
  A kobold zombie (Ossuary)
  117 eldritch tentacle segments (Ossuary)
120 creatures vanquished.

Grand Total: 226 creatures vanquished

Notes
Turn   | Place    | Note
--------------------------------------------------------------
     0 | D:1      | Johnny, the Demigod Ice Elementalist, began the quest for the Orb.
     0 | D:1      | Reached XP level 1. HP: 14/14 MP: 3/3
   329 | D:1      | Reached XP level 2. HP: 19/22 MP: 3/5
   473 | D:1      | Reached skill level 1 in Fighting
   551 | D:1      | HP: 1/23 [jackal (2)]
   552 | D:1      | Reached XP level 3. HP: 1/28 MP: 0/8
  1750 | D:3      | Noticed Ijyb
  1751 | D:3      | HP: 1/28 [Ijyb/wand of fire (21)]
  1767 | D:3      | Killed Ijyb
  1767 | D:3      | Reached skill level 3 in Ice Magic
  1767 | D:3      | Reached XP level 4. HP: 33/35 MP: 1/11
  1908 | D:3      | Noticed MBison's ghost (average TeHu)
  1957 | D:3      | Killed MBison's ghost
  1957 | D:3      | Reached skill level 1 in Armour
  1957 | D:3      | Reached XP level 5. HP: 17/41 MP: 3/13
  2261 | D:3      | Reached skill level 1 in Evocations
  2573 | D:4      | Found a staircase to the Ecumenical Temple.
  3084 | D:4      | Got a brightly glowing short sword
  3085 | D:4      | Identified the +3 short sword "Leviticus" {distort, +Fly rPois Dex+1 Stlth-} (You found it on level 4 of the Dungeon)
  3504 | D:5      | Entered Level 5 of the Dungeon
  3547 | D:5      | Noticed a slave
  3548 | D:5      | Noticed Pikel
  3548 | D:5      | Noticed a slave
  3548 | D:5      | Noticed a slave
  3548 | D:5      | Noticed a slave
  3552 | D:5      | Killed a slave
  3562 | D:5      | Killed a slave
  3564 | D:5      | Killed Pikel
  3564 | D:5      | Reached skill level 4 in Ice Magic
  3564 | D:5      | Reached XP level 6. HP: 22/51 MP: 15/17
  3564 | D:5      | Reached XP level 7. HP: 24/57 MP: 16/19
  3585 | D:5      | Learned a level 4 spell: Summon Ice Beast
  3593 | D:5      | Found a sand-covered staircase.
  3606 | Ossuary  | Entered an ossuary
  3745 | Ossuary  | Noticed an eldritch tentacle
  3750 | Ossuary  | Noticed a red devil
  3785 | Ossuary  | Killed an eldritch tentacle
  3834 | Ossuary  | Paralysed by a chaos spawn for 3 turns
  3840 | Ossuary  | Mangled by a chaos spawn

Action                   |  1- 3 |  4- 6 |  7- 9 || total
-------------------------+-------+-------+-------++-------
Melee: Spear             |    43 |       |       ||    43
       Unarmed           |     6 |       |       ||     6
       Dagger            |    61 |    73 |       ||   134
       Short sword       |       |    21 |    59 ||    80
 Cast: Freeze            |    19 |    15 |     2 ||    36
Evoke: Wand              |       |    10 |     2 ||    12
  Use: Potion            |     2 |       |     5 ||     7
       Scroll            |     4 |     6 |     3 ||    13
 Stab: Sleeping          |     4 |       |       ||     4
  Eat: Chunk             |     2 |     6 |       ||     8
       Fruit             |       |     1 |       ||     1
